 Dungeon Crawl Stone Soup version 0.21.1-1-g345015f (webtiles) character file.

174 tidbits the Charmwright (level 5, -2/43 HPs)
             Began as a Gnoll Skald on June 22, 2018.
             Slain by a wyvern zombie (3 damage)
             ... on level 6 of the Dungeon.
             The game lasted 00:06:36 (692 turns).

tidbits the Charmwright (Gnoll Skald)                Turns: 692, Time: 00:06:37

Health: -2/43      AC:  6    Str: 18    XL:     5   Next: 54%
Magic:  9/12       EV: 14    Int: 17    God:
Gold:   57         SH:  0    Dex: 14    Spells: 3/14 levels left

rFire    . . .     SeeInvis .   a - +0 hand axe
rCold    . . .     Gourm    .   (no shield)
rNeg     . . .     Faith    .   b - +0 leather armour
rPois    .         Spirit   .   E - +2 helmet
rElec    .         Reflect  .   e - scarf {cloud immunity}
rCorr    .         Harm     .   (no gloves)
MR       .....                  (no boots)
Stlth    ++........             (no amulet)
HPRegen  0.14/turn              (no ring)
MPRegen  0.13/turn              (no ring)

@: mighty, singing
A: distributed training, fangs 1, strong nose
a: no special abilities


You were on level 6 of the Dungeon.
You were not hungry.

You visited 1 branch of the dungeon, and saw 6 of its levels.

You collected 57 gold pieces.

Inventory:

Hand Weapons
 a - a +0 hand axe (weapon)
 k - a +0 trident
 l - a +0 flail
 n - a +0 flail of crushing
   (You took it off a gnoll on level 5 of the Dungeon)
Missiles
 m - 16 bolts
Armour
 b - a +0 leather armour (worn)
 e - a scarf of cloud immunity (worn)
   (You found it on level 1 of the Dungeon)
 E - a +2 helmet (worn)
Wands
 j - a wand of flame (21)
Scrolls
 f - 2 scrolls of remove curse
 o - a scroll of immolation
Potions
 g - a potion of mutation {unknown}
 h - a potion of haste {unknown}
 i - a potion of might
Books
 c - a book of Battle

   Spells                             Type                      Level
   a - Infusion                       Charms                       1
   b - Shroud of Golubria             Charms/Translocation         2
   c - Song of Slaying                Charms                       2
   d - Spectral Weapon                Hexes/Charms                 3
   e - Regeneration                   Charms/Necromancy            3
Comestibles
 d - a ration


   Skills:
 + Level 4.8 Fighting
 + Level 1.5 Short Blades
 + Level 1.5 Long Blades
 + Level 4.8 Axes
 + Level 1.5 Maces & Flails
 + Level 1.5 Polearms
 + Level 1.5 Staves
 + Level 1.5 Slings
 + Level 1.5 Bows
 + Level 1.5 Crossbows
 + Level 1.5 Throwing
 + Level 3.0 Armour
 + Level 4.8 Dodging
 + Level 1.5 Stealth
 + Level 1.5 Shields
 + Level 1.5 Unarmed Combat
 + Level 5.2 Spellcasting
 + Level 1.2 Conjurations
 + Level 1.2 Hexes
 + Level 5.5 Charms
 + Level 1.2 Summonings
 + Level 1.2 Necromancy
 + Level 1.2 Translocations
 + Level 1.2 Transmutations
 + Level 1.2 Fire Magic
 + Level 1.2 Ice Magic
 + Level 1.2 Air Magic
 + Level 1.2 Earth Magic
 + Level 1.2 Poison Magic
 + Level 1.7 Invocations
 + Level 1.5 Evocations


You had 3 spell levels left.
You knew the following spells:

 Your Spells              Type           Power        Failure   Level  Hunger
g - Shroud of Golubria    Chrm/Tloc      ###.......   6%          2    #......
i - Infusion              Chrm           ###.         1%          1    None
r - Regeneration          Chrm/Necr      ###.......   12%         3    ###....
w - Spectral Weapon       Hex/Chrm       ###.....     12%         3    ###....
y - Song of Slaying       Chrm           ###.....     2%          2    #......


Dungeon Overview and Level Annotations

Branches:
Dungeon (6/15)
 Temple: D:4-7

Altars:
Elyvilon
Qazlal


Innate Abilities, Weirdness & Mutations

Your experience applies equally to all skills.
You have very sharp teeth.
Your uncanny sense of smell can sniff out nearby items.


Message History

The adder zombie is moderately damaged.
The adder zombie bites you but does no damage.
An orc wizard and a zombie come into view.
Casting: Song of Slaying
Confirm with . or Enter, or press ? or * to list all spells.
You draw out your weapon's spirit!
The orc wizard shouts!
The adder zombie barely misses you.
You closely miss the adder zombie.
The adder zombie is moderately damaged.
The adder zombie bites you but does no damage.
Your spectral weapon barely misses the adder zombie.
You barely miss the adder zombie.
The adder zombie is moderately damaged.
You hear a shout!
Your spectral weapon hits the adder zombie!
The adder zombie misses you.
An orc comes into view. It is wielding a hand axe.
You hit the adder zombie.
You destroy the adder zombie!
You hit the orc. The orc hits you but does no damage.
You closely miss the orc.
The orc is severely wounded.
Your spectral weapon barely misses the orc.
The orc closely misses your spectral weapon.
The wyvern zombie bites you.
You hit the orc.
The orc is almost dead.
You hit the wyvern zombie.
Your spectral weapon closely misses the orc.
The wyvern zombie bites you!
You closely miss the orc wizard. You hit the wyvern zombie.
Your spectral weapon closely misses the orc wizard.
The wyvern zombie misses you.
You hit the orc wizard.
The orc wizard is moderately wounded.
You hit the wyvern zombie but do no damage.
Your spectral weapon hits the orc wizard.
The wyvern zombie bites you.
The orc wizard points at you and mumbles some strange words.
The puff of flame hits you! The wyvern zombie barely misses you.
You hit the orc wizard but do no damage.
The orc wizard is heavily wounded.
You hit the wyvern zombie.
Your spectral weapon hits the orc wizard.
The orc wizard casts a spell at you. The puff of frost hits you!
The wyvern zombie bites you but does no damage.
You miss the orc wizard.
The orc wizard is almost dead.
You hit the orc.
You kill the orc!
You barely miss the wyvern zombie.
Your spectral weapon hits the orc wizard.
The wyvern zombie closely misses you.
You hit the orc wizard but do no damage.
The orc wizard is almost dead.
You hit the orc.
You kill the orc!
You hit the wyvern zombie.
Your spectral weapon closely misses the orc wizard.
The wyvern zombie bites you!
* * * LOW HITPOINT WARNING * * *
The orc wizard closely misses you. The wyvern zombie closely misses you.
You closely miss the orc wizard.
The orc wizard is almost dead.
You hit the wyvern zombie.
Your spectral weapon barely misses the orc wizard.
The orc wizard barely misses you. The wyvern zombie misses you.
It was a potion of might.
You feel very mighty all of a sudden.
The wyvern zombie bites you but does no damage.
The orc wizard barely misses you.
Unknown command.
You slash the orc wizard!
You kill the orc wizard!
Your Armour skill increases to level 3!
You slash the wyvern zombie! The wyvern zombie bites you!
* * * LOW HITPOINT WARNING * * *
The wyvern zombie misses you.
You barely miss the wyvern zombie.
The wyvern zombie is heavily damaged.
Your spectral weapon hits the wyvern zombie.
The wyvern zombie misses you.
You barely miss the wyvern zombie.
The wyvern zombie is severely damaged.
Your spectral weapon hits the wyvern zombie.
The wyvern zombie bites your spectral weapon.
Your spectral weapon shares its damage with you!
* * * LOW HITPOINT WARNING * * *
The wyvern zombie closely misses your spectral weapon.
You hit the wyvern zombie.
The wyvern zombie is almost destroyed.
Your spectral weapon barely misses the wyvern zombie.
The wyvern zombie misses you.
You barely miss the wyvern zombie.
The wyvern zombie is almost destroyed.
Your spectral weapon fades away.
The wyvern zombie bites you.
You die...

....## ....
....... ......#
........# ..#
.....#### ...##
...### ...## #.
...# #...###...
...# .........
...# ##)Z......
#..##
#.@.......
#...#
##..#......
....# ##..##
%.... ....##
##..## ....
.....## ##..##
...
####..#####..##
.. #.........#
. #...###..##
#..## ##..#


You could see a wyvern zombie.

Vanquished Creatures
  An orc wizard (D:6)
  A centaur skeleton (D:4)
  A worker ant (D:4)
  2 adders
  4 gnolls (D:5)
  An adder zombie (D:6)
  A leopard gecko (D:3)
  7 orcs
  A giant cockroach (D:2)
  4 jackals (D:1)
  A quokka (D:5)
  3 bats
  2 frilled lizards
  A goblin (D:2)
  3 kobolds (D:1)
  2 rats (D:1)
35 creatures vanquished.

Notes
Turn   | Place    | Note
-------+----------+-------------------------------------------
     0 | D:1      | tidbits the Gnoll Skald began the quest for the Orb.
     0 | D:1      | Reached XP level 1. HP: 20/20 MP: 6/6
    57 | D:1      | Reached XP level 2. HP: 16/26 MP: 0/7
    61 | D:1      | Learned a level 2 spell: Song of Slaying
    64 | D:1      | Learned a level 2 spell: Shroud of Golubria
   167 | D:2      | Found a stormy altar of Qazlal.
   176 | D:2      | Found a white marble altar of Elyvilon.
   310 | D:3      | Reached skill level 5 in Spellcasting
   310 | D:3      | Reached XP level 3. HP: 29/31 MP: 2/9
   319 | D:3      | Learned a level 3 spell: Regeneration
   323 | D:3      | Learned a level 3 spell: Spectral Weapon
   393 | D:4      | Reached skill level 1 in Short Blades
   393 | D:4      | Reached skill level 1 in Long Blades
   393 | D:4      | Reached skill level 1 in Maces & Flails
   393 | D:4      | Reached skill level 1 in Polearms
   393 | D:4      | Reached skill level 1 in Staves
   393 | D:4      | Reached skill level 1 in Slings
   393 | D:4      | Reached skill level 1 in Bows
   393 | D:4      | Reached skill level 1 in Crossbows
   393 | D:4      | Reached skill level 1 in Throwing
   393 | D:4      | Reached skill level 1 in Stealth
   393 | D:4      | Reached skill level 1 in Shields
   393 | D:4      | Reached skill level 1 in Unarmed Combat
   393 | D:4      | Reached skill level 1 in Invocations
   393 | D:4      | Reached skill level 1 in Evocations
   393 | D:4      | Reached XP level 4. HP: 31/38 MP: 4/11
   516 | D:5      | Entered Level 5 of the Dungeon
   538 | D:5      | Reached skill level 1 in Conjurations
   538 | D:5      | Reached skill level 1 in Hexes
   538 | D:5      | Reached skill level 1 in Summonings
   538 | D:5      | Reached skill level 1 in Necromancy
   538 | D:5      | Reached skill level 1 in Translocations
   538 | D:5      | Reached skill level 1 in Transmutations
   538 | D:5      | Reached skill level 1 in Fire Magic
   538 | D:5      | Reached skill level 1 in Ice Magic
   538 | D:5      | Reached skill level 1 in Air Magic
   538 | D:5      | Reached skill level 1 in Earth Magic
   538 | D:5      | Reached skill level 1 in Poison Magic
   544 | D:5      | Reached XP level 5. HP: 31/43 MP: 4/12
   595 | D:6      | Noticed a centaur
   688 | D:6      | Reached skill level 3 in Armour
   688 | D:6      | HP: 1/43 [wyvern zombie (8)]
   692 | D:6      | Slain by a wyvern zombie

Skill      XL: |  1  2  3  4  5 |
---------------+----------------+-----
Spellcasting   | 5 |  5.2
Short Blades   | 1 |  1.5
Long Blades    | 1 |  1.5
Maces & Flails | 1 |  1.5
Polearms       | 1 |  1.5
Staves         | 1 |  1.5
Slings         | 1 |  1.5
Bows           | 1 |  1.5
Crossbows      | 1 |  1.5
Throwing       | 1 |  1.5
Stealth        | 1 |  1.5
Shields        | 1 |  1.5
Unarmed Combat | 1 |  1.5
Invocations    | 1 |  1.7
Evocations     | 1 |  1.5
Conjurations   | 1 |  1.2
Hexes          | 1 |  1.2
Summonings     | 1 |  1.2
Necromancy     | 1 |  1.2
Translocations | 1 |  1.2
Transmutations | 1 |  1.2
Fire Magic     | 1 |  1.2
Ice Magic      | 1 |  1.2
Air Magic      | 1 |  1.2
Earth Magic    | 1 |  1.2
Poison Magic   | 1 |  1.2
Armour         | 3 |  3.0
Fighting       | |  4.8
Axes           | |  4.8
Dodging        | |  4.8
Charms         | |  5.5

Action                   |  1- 3 |  4- 6 || total
-------------------------+-------+-------++-------
Melee: Hand axe          |    49 |    48 ||    97
       Bite              |     1 |     6 ||     7
 Cast: Infusion          |     4 |       ||     4
       Song of Slaying   |     4 |     3 ||     7
       Spectral Weapon   |     1 |     4 ||     5
       Regeneration      |       |     1 ||     1
       Shroud of Golubri |       |     1 ||     1
  Use: Scroll            |       |     3 ||     3
       Potion            |       |     1 ||     1
Armor: Leather armour    |    16 |     8 ||    24
Dodge: Dodged            |    37 |    36 ||    73

Table legend:
 A = Turns spent in this place as a percentage of turns spent in the entire game.
 B = Non-inter-level travel turns spent in this place as a percentage of non-inter-level travel turns spent in the entire game.
 C = Inter-level travel turns spent in this place as a percentage of turns spent in this place.
 D = Turns resting spent in this place as a percentage of non-inter-level travel turns spent in this place.
 E = Turns spent auto-exploring this place as a percentage of non-inter-level travel turns spent in this place.
 F = Non-inter-level travel turns spent in this place divided by the number of levels of this place that you've seen.
                   A       B       C       D       E      F
               +-------+-------+-------+-------+-------+----------------------
         Total | 100.0 | 100.0 |   0.0 |   0.0 |   0.0 | 115.3
       Dungeon | 100.0 | 100.0 |   0.0 |   0.0 |   0.0 | 115.3
               +-------+-------+-------+-------+-------+----------------------

Table legend:
 A = Kills in this place as a percentage of kills in entire the game.
 B = Kills by you in this place as a percentage of kills by you in the entire game.
 C = Kills by friends in this place as a percentage of kills by friends in the entire game.
 D = Other kills in this place as a percentage of other kills in the entire game.
 E = Experience gained in this place as a percentage of experience gained in the entire game.
 F = Experience gained in this place divided by the number of levels of this place that you have seen.
                   A       B       C       D       E      F
               +-------+-------+-------+-------+-------+----------------------
         Total | 100.0 | 100.0 |   N/A |   N/A | 100.0 |  41.5
       Dungeon | 100.0 | 100.0 |   N/A |   N/A | 100.0 |  41.5
               +-------+-------+-------+-------+-------+----------------------

Vault maps used:
D:1:      scummos_arrival_simple_crosswalls, grunt_decor_mini_mirrors
D:2:      old_standard_altar, nicolae_overflow_hidden_temple
D:3:      first_ration, chequers_ecumenical_altar_lobes
D:4:      nicolae_ru_awakened_eye, serial_co_window_serial, co_window_corner_a,
          co_window_corner_a, co_window_paths_a, co_window_paths_a,
          co_window_corner_a, co_window_paths_a, co_window_paths_b,
          co_window_corner_cb, co_window_broadway_c, co_window_of_opportunity_c,
          co_window_of_opportunity_c, co_window_2corner, co_window_broadway_a,
          co_window_corner_cb, glass_columns_a, glass_columns_a,
          glass_columns_a, glass_columns_b, glass_columns_a
D:5:      temple_statues, portal_sewer_entry_f, hangedman_decor_riveting
D:6:      nrook_pool_corridor
